 Dungeon Sprint DCSS version 0.22-a0-897-g1b7a381375 (webtiles) character file.

189 IcyTea the Carver (level 5, -6/61 HPs)
             Began as a Demonspawn Berserker on July 31, 2018.
             Was a Priest of Trog.
             Mangled by a two-headed ogre
             ... wielding a +0 giant spiked club
              (23 damage)
             ... in the Dungeon (Sprint IX: "|||||||||||||||||||||||||||||").
             The game lasted 00:02:53 (400 turns).

IcyTea the Carver (Demonspawn Berserker)             Turns: 400, Time: 00:02:53

Health: -6/61      AC: 10    Str: 26    XL:     5   Next: 40%
Magic:  5/5        EV:  9    Int:  8    God:    Trog [***...]
Gold:   0          SH:  0    Dex: 13    Spells: 4/4 levels left

rFire    . . .     SeeInvis .   a - +0 falchion
rCold    . . .     Gourm    .   (no shield)
rNeg     . . .     Faith    .   n - +1 chain mail
rPois    .         Spirit   .   (helmet restricted)
rElec    .         Reflect  .   (no cloak)
rCorr    .         Harm     .   m - +0 pair of gloves
MR       ++...     NoTele   +   (no boots)
Stlth    ..........             (no amulet)
HPRegen  1.20/turn              o - +2 ring of protection
MPRegen  0.09/turn              p - +3 ring of strength

@: berserking, corroded, regenerating, very quick
A: antennae 1, slimy green scales 1, foul stench 1, rot immunity
a: Berserk, Trog's Hand, Renounce Religion


You were in the Dungeon.
You worshipped Trog.
Trog was most pleased with you.
You were very hungry.

You visited 1 branch

Inventory:

Hand Weapons
 a - a +0 falchion (weapon)
Armour
 m - a +0 pair of gloves (worn)
 n - a +1 chain mail (worn)
Jewellery
 o - a +2 ring of protection (left hand)
 p - a +3 ring of strength (right hand)
Wands
 l - a wand of acid (10)
Scrolls
 i - 2 scrolls of blinking
 k - 3 scrolls of remove curse
Potions
 d - 5 potions of curing
 e - 3 potions of heal wounds
 f - a potion of haste
 g - 4 potions of magic
 h - a potion of berserk rage
 j - a potion of invisibility
Comestibles
 c - a ration


   Skills:
 - Level 3.0 Fighting
 + Level 10.6 Long Blades
 - Level 1.7 Armour
 - Level 1.7 Dodging


You had 4 spell levels left.
You didn't know any spells.
Your spell library was empty.

Dungeon Overview and Level Annotations

Branches:
Dungeon (1/1)

Altars:
Cheibriados
Dithmenos
Elyvilon
Fedhas
Gozag
Hepliaklqana
Kikubaaqudgha
Makhleb
Nemelex Xobeh
Okawaru
Qazlal
Ru
Sif Muna
Trog
Uskayaw
Vehumet
Wu Jian
Xom
Yredelemnul
Zin
The Shining One
Beogh
Jiyva
Lugonu


Innate Abilities, Weirdness & Mutations

You have a pair of small antennae on your head.
You are partially covered in slimy green scales. (AC +2)
You may emit foul miasma when damaged in melee.
You are immune to rotting.


Message History

You barely miss the two-headed ogre.
The two-headed ogre is moderately wounded.
The two-headed ogre hits you with a giant spiked club!
* * * LOW HITPOINT WARNING * * *
The two-headed ogre looks sick.
The two-headed ogre barely misses you.
You slash the two-headed ogre!
The two-headed ogre is heavily wounded.
You barely miss the two-headed ogre.
The two-headed ogre is heavily wounded.
Your chain mail prevents you from hitting the two-headed ogre.
The two-headed ogre is heavily wounded.
The two-headed ogre closely misses you.
The two-headed ogre hits you but does no damage.
You slash the two-headed ogre!
The two-headed ogre is severely wounded.
Your chain mail prevents you from hitting the two-headed ogre.
The two-headed ogre is severely wounded.
The two-headed ogre hits you but does no damage.
The two-headed ogre hits you with a giant club!!
You die... ▓▓▓▓▓▓▓▓▓▓▓▓▓▓▓▓▓▓▓▓▓▓▓▓ ..ZHyJO@...[)|?.'_______ ▓▓▓▓▓▓▓▓▓▓▓▓▓▓▓▓▓▓▓▓▓▓▓▓

You could see a two-headed ogre, a hippogriff, a jelly, a killer bee and a bat skeleton.

Vanquished Creatures
  A black bear (D)
  A howler monkey (D)
  An orc priest (D)
  A worker ant (D)
  A giant cockroach (D)
  A goblin (D)
  A hobgoblin (D)
  A kobold (D)
  A bat (D)
  2 frilled lizards (D)
11 creatures vanquished.

Notes
Turn   | Place    | Note
-------+----------+-------------------------------------------
     0 | D        | IcyTea the Demonspawn Berserker began the quest for the Orb.
     0 | D        | Reached XP level 1. HP: 18/18 MP: 1/1
     4 | D        | Reached skill level 3 in Long Blades
     8 | D        | Reached ** piety under Trog
    13 | D        | Reached skill level 4 in Long Blades
   101 | D        | Noticed a howler monkey
   101 | D        | Noticed a worker ant
   101 | D        | Noticed an orc priest
   107 | D        | Killed an orc priest
   107 | D        | Reached skill level 6 in Long Blades
   107 | D        | Gained mutation: You are partially covered in slimy green scales. (AC +2) [demonic ancestry]
   107 | D        | Reached XP level 2. HP: 24/24 MP: 2/2
   107 | D        | Gained mutation: You have a pair of small antennae on your head. [demonic ancestry]
   107 | D        | Reached XP level 3. HP: 29/29 MP: 3/3
   108 | D        | Reached *** piety under Trog
   112 | D        | Reached skill level 7 in Long Blades
   115 | D        | Reached skill level 8 in Long Blades
   115 | D        | Gained mutation: You are immune to rotting. [demonic ancestry]
   115 | D        | Reached XP level 4. HP: 35/35 MP: 4/4
   304 | D        | Found a roughly hewn altar of Beogh.
   304 | D        | Found a snail-covered altar of Cheibriados.
   304 | D        | Found a shadowy altar of Dithmenos.
   304 | D        | Found a white marble altar of Elyvilon.
   304 | D        | Found a blossoming altar of Fedhas.
   304 | D        | Found an opulent altar of Gozag.
   305 | D        | Found a hazy altar of Hepliaklqana.
   306 | D        | Found a viscous altar of Jiyva.
   307 | D        | Found an ancient bone altar of Kikubaaqudgha.
   308 | D        | Found a corrupted altar of Lugonu.
   309 | D        | Found a burning altar of Makhleb.
   310 | D        | Found a sparkling altar of Nemelex Xobeh.
   311 | D        | Found an iron altar of Okawaru.
   312 | D        | Found a stormy altar of Qazlal.
   313 | D        | Found a sacrificial altar of Ru.
   314 | D        | Found a deep blue altar of Sif Muna.
   315 | D        | Found a bloodstained altar of Trog.
   316 | D        | Found a hide-covered altar of Uskayaw.
   317 | D        | Found a radiant altar of Vehumet.
   318 | D        | Found an ornate altar of the Wu Jian Council.
   319 | D        | Found a shimmering altar of Xom.
   320 | D        | Found a basalt altar of Yredelemnul.
   321 | D        | Found a glowing silver altar of Zin.
   322 | D        | Found a glowing golden altar of the Shining One.
   368 | D        | Noticed a hippogriff
   368 | D        | Noticed a two-headed ogre
   368 | D        | Noticed a black bear
   384 | D        | Killed a black bear
   384 | D        | Reached **** piety under Trog
   384 | D        | Reached skill level 10 in Long Blades
   384 | D        | Gained mutation: You may emit foul miasma when damaged in melee. [demonic ancestry]
   384 | D        | Reached XP level 5. HP: 29/41 MP: 5/5
   400 | D        | Mangled by a two-headed ogre

Vault maps used:
D:        linesprint

Skill      XL: |  1  2  3  4 |
---------------+-------------+-----
Long Blades    | 6 8 10 | 10.6
Fighting       | |  3.0
Armour         | |  1.7
Dodging        | |  1.7

Action                   |  1- 3 |  4- 6 || total
-------------------------+-------+-------++-------
Melee: Falchion          |    21 |    30 ||    51
Invok: Berserk           |     1 |     1 ||     2
       Trog's Hand       |       |     2 ||     2
Armor: Animal skin       |     1 |     1 ||     2
       Chain mail        |       |    28 ||    28
Dodge: Dodged            |    13 |    15 ||    28
       Rpst.: Falchion   |     6 |     1 ||     7

Table legend:
 A = Spawn XP
 B = Non-spawn XP
 C = Spawn XP percentage of total XP
 D = Spawn monster count
 E = Non-spawn monster count
 F = Spawn count percentage of total count
 G = Total turns spent on level
                    A         B        C        D         E        F      G
               +---------+---------+-------+---------+---------+-------+---------
         Total |       0 |     271 |   0.0 |       0 |      11 |   0.0 |   400
               +---------+---------+-------+---------+---------+-------+---------
             D |       0 |     271 |   0.0 |       0 |      11 |   0.0 |   400
               +---------+---------+-------+---------+---------+-------+---------
